Map: Blackburn LE

Players

Throwfordays

  • Race: Terran Terran
  • League: Gold

oisaejfoeldf - Winner!

  • Race: Terran Terran

VOD

Have the link to the VOD?

Description

Time

  • Played on: Aug. 27, 2021, 3:55 p.m.
  • Length: 8:46
Show
View Real Time Build Order
Export as new Build Order

Throwfordays Terran 

Build Orders:  

Get SALT Encoding   

  12  0:00  SCV  
  13  0:12  SCV  
  14  0:19  Supply Depot  
  14  0:26  Refinery  
  14  0:29  SCV  
  15  0:41  SCV  
  16  0:47  Barracks  
  16  0:53  SCV  
  17  1:03  Supply Depot  
  17  1:05  SCV  
  18  1:14  Refinery  
  18  1:17  SCV  
  19  1:29  SCV  
  20  1:34  Reaper  
  21  1:46  SCV  
  22  1:47  Barracks  
  22  2:01  SCV  
  23  2:06  Reaper  
  24  2:13  SCV  
  25  2:34  Reaper  
  25  2:36  Barracks  
  26  2:38  Reaper  
  26  3:24  Supply Depot  
  26  3:27  Supply Depot  
  26  3:46  Reaper x3  
  29  3:49  Barracks  
  29  3:52  Barracks  
  29  3:53  Bunker  
  27  4:32  Reaper  
  27  4:33  Reaper x2  
  30  4:54  Barracks Reactor  
  30  4:55  Barracks Reactor  
  30  5:07  SCV  
  31  5:19  SCV  
  31  5:20  Reaper x2  
  31  5:21  Reaper  
  34  5:31  SCV  
  34  5:32  Reaper  
  34  5:33  Reaper x3  
  39  5:37  Supply Depot  
  39  5:39  Supply Depot  
  39  5:40  Supply Depot  
  38  5:57  Barracks Reactor  
  38  6:00  Barracks Reactor  
  38  6:01  Reaper  
  39  6:04  Reaper  
  39  6:05  Reaper x2  
  39  6:06  Reaper  
  33  7:19  Reaper x5  
  33  7:20  Reaper x3  
  33  7:21  Reaper  
  37  7:51  Reaper  
  37  7:56  Factory  
  32  8:28  Engineering Bay  
Show
View Real Time Build Order
Export as new Build Order

oisaejfoeldf Terran - Winner!

Build Orders:  

Get SALT Encoding   

  12  0:00  SCV  
  13  0:12  SCV  
  14  0:19  Supply Depot  
  14  0:24  SCV  
  15  0:43  Barracks  
  15  0:45  SCV  
  16  0:57  SCV  
  17  1:10  Barracks x2  
  17  1:17  SCV  
  18  1:30  Marine  
  18  1:31  Supply Depot  
  19  1:41  Orbital Command  
  19  1:48  Marine  
  19  1:50  Supply Depot  
  20  1:57  Marine  
  20  1:58  Marine  
  22  2:06  Marine  
  23  2:12  SCV  
  23  2:15  Marine  
  25  2:16  Marine  
  25  2:23  Marine  
  26  2:30  SCV  
  26  2:33  Marine x2  
  29  2:41  Marine  
  30  2:51  Marine x2  
  31  2:53  SCV  
  32  2:59  Marine  
  33  3:08  Marine  
  33  3:09  Marine  
  34  3:17  Marine  
  34  3:19  SCV  
  34  3:22  Refinery  
  34  3:24  Refinery  
  34  3:26  Marine  
  35  3:27  Marine  
  35  3:31  SCV  
  37  3:35  Marine  
  37  3:40  Command Center  
  38  3:43  SCV  
  39  3:53  Supply Depot  
  39  4:02  Marine  
  39  4:04  Marine  
  39  4:07  Marine  
  38  4:18  SCV  
  38  4:20  Marine  
  38  4:22  Marine  
  39  4:25  Marine  
  39  4:31  SCV  
  39  4:38  Marine, Factory  
  39  4:40  Marine  
  39  4:42  Marine  
  39  4:43  SCV  
  43  4:55  SCV, Orbital Command  
  43  4:56  Marine  
  43  4:58  Marine  
  46  5:00  Marine  
  46  5:07  SCV  
  46  5:14  Marine, Orbital Command  
  46  5:15  Marine  
  46  5:18  Marine  
  46  5:19  SCV  
  49  5:26  Factory Tech Lab  
  49  5:28  Engineering Bay  
  45  5:31  Marine, SCV  
  45  5:33  Marine  
  48  5:36  Marine  
  49  5:43  SCV  
  49  5:44  Starport  
  49  5:49  Marine, SCV  
  52  5:51  Marine  
  52  5:54  Marine  
  52  5:55  SCV  
  54  6:01  SCV  
  54  6:03  Supply Depot  
  55  6:07  Marine, SCV  
  55  6:09  Marine  
  54  6:11  Marine  
  54  6:13  SCV  
  46  6:19  SCV  
  46  6:20  Siege Tank  
  46  6:23  Starport Tech Lab  
  49  6:29  Marine  
  47  6:47  Marine  
  47  6:52  Banshee, Siege Tank  
  51  7:05  Marine  
  48  7:12  SCV  
  40  7:17  SCV  
  41  7:24  Siege Tank  
  41  7:25  SCV  
  45  7:30  SCV  
  45  7:37  SCV  
  46  7:41  Banshee  
  46  7:42  SCV  
  47  7:49  SCV  
  48  7:54  Refinery, SCV  
  48  7:56  Siege Tank  
  48  7:58  Refinery  
  52  7:59  Missile Turret  
  52  8:01  SCV  
  52  8:06  Marine, SCV  
  53  8:13  SCV  
  53  8:18  SCV  
  54  8:24  Marine  
  54  8:25  SCV  
  54  8:30  SCV  
Tags
 
League
Gold
Matchup
TvT
Race
Terran
Replay Pack
Multiplayer
Add a new tag
Caveats
  • Supply blocks, unpowered buildings, or Contaminate may cause inaccurate times.
  • Supply counts are checked every 10 seconds.